 Dungeon Crawl Stone Soup version 0.22-a0-538-g76cc104 (webtiles) character file.

4921 KristoblXynda the Cleaver (level 10, 0/67 HPs)
             Began as a Demonspawn Gladiator on June 23, 2018.
             Was a Priest of Yredelemnul.
             Killed from afar by an electric eel (11 damage)
             ... with a bolt of electricity
             ... on level 9 of the Dungeon.
             The game lasted 00:14:45 (8487 turns).

KristoblXynda the Cleaver (Demonspawn Gladiator)    Turns: 8487, Time: 00:14:45

Health: 0/67       AC: 14    Str: 21    XL:     10   Next: 27%
Magic:  14/14      EV: 14    Int: 11    God:    Yredelemnul [***...]
Gold:   644        SH:  5    Dex: 15    Spells: 9/9 levels left

rFire    . . .     SeeInvis .   t - +2 war axe (freeze)
rCold    . . .     Gourm    .   e - +0 buckler
rNeg     . . .     Faith    .   q - +4 scale mail
rPois    .         Spirit   .   c - +0 helmet
rElec    .         Reflect  .   (no cloak)
rCorr    .         Harm     .   B - +0 pair of gloves (curse)
MR       +....                  (no boots)
Stlth    ..........             r - amulet of regeneration
HPRegen  0.61/turn              h - ring of protection from magic
MPRegen  0.14/turn              (no ring)

@: mighty
A: talons 2, demonic guardian 2, powered by pain 1, sturdy frame 1
a: Recall Undead Slaves, Injury Mirror, Animate Dead, Renounce Religion


You were on level 9 of the Dungeon.
You worshipped Yredelemnul.
Yredelemnul was most pleased with you.
You were not hungry.

You visited 2 branches of the dungeon, and saw 10 of its levels.

You collected 644 gold pieces.

Inventory:

Hand Weapons
 t - a +2 war axe of freezing (weapon)
 x - a +1 whip of pain
Missiles
 d - 7 throwing nets (quivered)
Armour
 c - a +0 helmet (worn)
 e - a +0 buckler (worn)
 q - a +4 scale mail (worn)
 B - a cursed +0 pair of gloves (worn)
Jewellery
 h - a ring of protection from magic (left hand)
 r - an amulet of regeneration (around neck)
Wands
 w - a wand of clouds (4)
 z - a wand of iceblast (4)
Scrolls
 g - a scroll of enchant weapon {unknown}
 j - 6 scrolls of remove curse
 k - a scroll of amnesia
 n - 5 scrolls of enchant armour
 u - a scroll of magic mapping
 v - a scroll of teleportation {unknown}
 y - a scroll of immolation {unknown}
 A - a scroll of identify
 C - a scroll of fear {unknown}
 D - a scroll of blinking {unknown}
Potions
 a - 2 potions of mutation {unknown}
 b - 2 potions of flight
 i - 5 potions of curing
 l - 2 potions of berserk rage {unknown}
 m - 2 potions of might
 o - a potion of haste
 p - 2 potions of cancellation
 s - 2 potions of heal wounds {unknown}
Comestibles
 f - 11 rations
 E - 2 chunks of flesh


   Skills:
 - Level 2.0 Fighting
 * Level 9.3 Axes
 - Level 2.0 Throwing
 + Level 6.0 Armour
 + Level 6.8 Dodging
 - Level 4.2 Shields
 + Level 5.7 Invocations


You had 9 spell levels left.
You didn't know any spells.
Your spell library contained the following spells:

 Spells                   Type           Power        Failure   Level  Hunger
 Apportation              Tloc           #.....       54%         1    ##.....
 Conjure Flame            Conj/Fire      #.......     88%         3    ####...
 Lightning Bolt           Conj/Air       #.........   100%        5    ######.
 Confuse                  Hex            #.......     88%         3    ####...
 Freezing Cloud           Conj/Ice/Air   #.........   100%        6    #######
 Mephitic Cloud           Conj/Pois/Air  #.......     88%         3    ####...
 Ring of Flames           Chrm/Fire      #.........   100%        7    #######
 Summon Small Mammal      Summ           #...         54%         1    ##.....
 Animate Skeleton         Necr           N/A          54%         1    ##.....
 Summon Ice Beast         Ice/Summ       #.......     99%         4    #####..
 Call Imp                 Summ           #.......     67%         2    ###....
 Tukima's Dance           Hex            #.......     88%         3    ####...
 Stone Arrow              Conj/Erth      #.....       88%         3    ####...
 Shock                    Conj/Air       #...         54%         1    ##.....
 Swiftness                Chrm/Air       #.......     67%         2    ###....
 Airstrike                Air            #.........   99%         4    #####..
 Confusing Touch          Hex            #.....       54%         1    ##.....
 Passwall                 Tmut/Erth      #.......     67%         2    ###....
 Call Canine Familiar     Summ           #.......     88%         3    ####...
 Ensorcelled Hibernation  Hex/Ice        #.....       67%         2    ###....
 Static Discharge         Conj/Air       #.......     88%         3    ####...
 Corona                   Hex            #......      54%         1    ##.....
 Lee's Rapid Deconstruct  Erth           #.........   100%        5    ######.
 Sandblast                Erth           #.....       54%         1    ##.....
 Petrify                  Tmut/Erth      #.......     99%         4    #####..
 Dazzling Spray           Conj/Hex       #.....       88%         3    ####...
 Summon Lightning Spire   Summ/Air       #.......     99%         4    #####..
 Summon Guardian Golem    Hex/Summ       #.......     88%         3    ####...
 Poisonous Vapours        Pois/Air       #.....       67%         2    ###....


Dungeon Overview and Level Annotations

Branches:
Dungeon (9/15)             Temple (1/1) D:5
   Lair: D:8-11         Orc: D:9-12

Altars:
Ashenzari
Cheibriados
Dithmenos
Elyvilon
Fedhas
Gozag
Kikubaaqudgha
Makhleb
Nemelex Xobeh
Okawaru
Qazlal
Ru
Sif Muna
Trog
Uskayaw
Vehumet
Wu Jian
Xom
Yredelemnul
Zin
The Shining One

Shops:
D:5 ?   D:7 *


Innate Abilities, Weirdness & Mutations

You have razor-sharp toenails.
A demonic guardian rushes to your aid.
You sometimes gain a little power by taking damage.
Your movements are slightly less encumbered by armour. (ER -2)


Message History

You feel very mighty all of a sudden.
You enter the shallow water.
Moving in this stuff is going to be slow.
The electric eel shoots out a bolt of lightning at you!
The bolt of electricity misses you.
The electric eel shoots out a bolt of lightning at you!
The bolt of electricity hits you!
The electric eel shoots out a bolt of lightning at you!
The bolt of electricity hits you!
* * * LOW HITPOINT WARNING * * *
The bolt of electricity hits your sixfirhy.
Your sixfirhy completely resists.
The electric eel shoots out a bolt of lightning at you!
The bolt of electricity hits you!
* * * LOW HITPOINT WARNING * * *
There is a stone staircase leading up here.
The electric eel shoots out a bolt of lightning at you!
The bolt of electricity hits you!
You die...
Your body rises from the dead as a mindless zombie.

#...##.≈.≈.≈..÷....≈.≈.≈.≈
##.##....)........≈.≈.≈.≈.
######≈.≈.≈.≈.≈...≈.≈.≈.≈
#.≈.≈.≈.≈%..≈.≈.≈.≈.
#≈.≈.≈.≈.≈...≈Y≈.≈.≈
#.≈.≈.≈.≈...≈.≈.≈.≈.
#######≈.≈.≈.≈.≈...≈.≈.≈.≈
........≈.......3.;.≈.≈.≈.
#..####....≈....@≈.≈.≈.≈.≈
#[.#..(<≈.≈.≈.≈.;.≈.≈.≈.≈.
#.....#.)..≈...≈.≈.≈.≈.≈.≈
##.####.≈.≈.≈.≈.≈.≈.≈.≈.≈.
...........≈...≈.≈.≈.≈.≈.≈
......#.≈.≈.≈.≈.≈.≈.≈.≈.≈.
......'....≈...≈.≈.≈.≈.≈.≈
......#.≈.≈.≈.≈.≈.≈.≈.≈.
......#≈.≈.≈...≈.


You could see an ice beast, 2 electric eels and a friendly sixfirhy.

Vanquished Creatures
  A wyvern (D:9)
  Eustachio (D:5)
  A human (D:4)
  A water moccasin (D:6)
  An ice beast (D:9)
  2 sky beasts
  An orc warrior (D:9)
  A black bear (D:6)
  A necrophage (D:5)
  A phantom (D:5)
  5 ogres
  4 centaurs
  A big kobold (D:3)
  3 bullfrogs
  2 scorpions
  A water moccasin skeleton (D:6)
  A wight (D:6)
  6 killer bees (D:8)
  2 electric eels (D:9)
  3 howler monkeys
  2 crimson imps (D:5)
  2 bullfrog zombies (D:5)
  A centaur skeleton (D:4)
  3 hounds
  2 jellies
  An orc priest (D:5)
  7 orc wizards
  2 gnoll shamans (D:9)
  3 bullfrog skeletons
  4 worker ants
  A hound zombie (D:6)
  A hound skeleton (D:4)
  A howler monkey skeleton (D:5)
  23 gnolls
  8 adders
  2 shadow imps (D:5)
  An adder skeleton (D:7)
  A worm (D:3)
  3 leopard geckos
  20 orcs
  9 bats
  4 giant cockroaches
  6 goblins
  7 hobgoblins
  6 jackals
  39 kobolds
  4 quokkas
  5 frilled lizards
  2 leopard gecko skeletons
  A leopard gecko zombie (D:5)
  11 rats
221 creatures vanquished.

Vanquished Creatures (collateral kills)
  A hungry ghost (D:4)
  Menkaure (D:4)
  An orc warrior (D:9)
  A sky beast (D:6)
  An ice beast (D:5)
  2 phantoms (D:4)
  An ogre (D:5)
  A centaur (D:5)
  4 big kobolds
  A killer bee (D:8)
  4 wights
  An orc priest (D:4)
  3 orc wizards
  5 gnolls (D:3)
  An orc (D:4)
  A hobgoblin (D:3)
  A jackal (D:5)
  A quokka (D:6)
  A ball python skeleton (D:4)
  A kobold (D:3)
  A leopard gecko skeleton (D:4)
34 creatures vanquished.

Vanquished Creatures (others)
  3 fungi (D:9)
  A plant (D:9)
4 creatures vanquished.

Grand Total: 259 creatures vanquished

Notes
Turn   | Place    | Note
-------+----------+-------------------------------------------
     0 | D:1      | KristoblXynda the Demonspawn Gladiator began the quest for the Orb.
     0 | D:1      | Reached XP level 1. HP: 16/16 MP: 1/1
   111 | D:1      | Reached skill level 3 in Axes
   170 | D:1      | Gained mutation: Your movements are slightly less encumbered by armour. (ER -2) [demonic ancestry]
   170 | D:1      | Reached XP level 2. HP: 22/22 MP: 2/2
   775 | D:2      | Found a deep blue altar of Sif Muna.
   779 | D:2      | Gained mutation: A weak demonic guardian rushes to your aid. [demonic ancestry]
   779 | D:2      | Reached XP level 3. HP: 27/27 MP: 3/3
   933 | D:2      | Found a snail-covered altar of Cheibriados.
   937 | D:2      | Found a faded altar of an unknown god.
  1411 | D:3      | Reached skill level 1 in Shields
  1466 | D:3      | Gained mutation: A demonic guardian rushes to your aid. [demonic ancestry]
  1466 | D:3      | Reached XP level 4. HP: 28/33 MP: 4/4
  1525 | D:3      | Reached skill level 1 in Armour
  1814 | D:3      | Found a sparkling altar of Nemelex Xobeh.
  2009 | D:3      | Noticed a big kobold
  2012 | D:3      | Reached skill level 4 in Axes
  2016 | D:3      | Killed a big kobold
  2016 | D:3      | Reached XP level 5. HP: 23/38 MP: 5/5
  2364 | D:3      | Gained mutation: You have sharp toenails. [demonic ancestry]
  2364 | D:3      | Reached XP level 6. HP: 44/44 MP: 6/6
  2949 | D:4      | Reached skill level 5 in Axes
  2984 | D:4      | Found a shadowy altar of Dithmenos.
  2998 | D:4      | Gained mutation: You sometimes gain a little power by taking damage. [demonic ancestry]
  2998 | D:4      | Reached XP level 7. HP: 42/50 MP: 7/7
  3216 | D:4      | Found a transporter.
  3219 | D:4      | Found an ancient bone altar of Kikubaaqudgha.
  3223 | D:4      | Noticed Menkaure
  3238 | D:4      | Found a basalt altar of Yredelemnul.
  3253 | D:4      | Noticed a hungry ghost
  3254 | D:4      | Found a transporter.
  3285 | D:4      | Found a runed door.
  3285 | D:4      | Noticed a human
  3290 | D:4      | Found a basalt altar of Yredelemnul.
  3303 | D:4      | Killed a human
  3635 | D:4      | Became a worshipper of Yredelemnul the Dark
  3738 | D:4      | Found a radiant altar of Vehumet.
  3784 | D:4      | Found a glowing silver altar of Zin.
  3879 | D:4      | Killed a hungry ghost
  3880 | D:4      | Killed Menkaure
  3880 | D:4      | Reached skill level 6 in Axes
  3880 | D:4      | Reached XP level 8. HP: 56/56 MP: 8/8
  4018 | D:5      | Entered Level 5 of the Dungeon
  4043 | D:5      | Found a shimmering altar of Xom.
  4045 | D:5      | Noticed Eustachio
  4059 | D:5      | Killed Eustachio
  4114 | D:5      | Found a staircase to the Ecumenical Temple.
  4145 | Temple   | Entered the Ecumenical Temple
  4294 | D:5      | Reached skill level 5 in Dodging
  4366 | D:5      | Found Beschull's Magic Scroll Shop.
  4377 | D:5      | Reached * piety under Yredelemnul
  4584 | D:5      | Reached skill level 7 in Axes
  4764 | D:5      | Found an ornate altar of the Wu Jian Council.
  4801 | D:5      | Found a glowing golden altar of the Shining One.
  4866 | D:5      | Reached skill level 1 in Invocations
  5118 | D:6      | Reached XP level 9. HP: 56/61 MP: 8/10
  5240 | D:6      | Reached ** piety under Yredelemnul
  5921 | D:6      | Reached skill level 8 in Axes
  5921 | D:6      | Reached skill level 5 in Armour
  6625 | D:7      | Found Qyuzunt's Assorted Antiques.
  7088 | D:8      | HP: 1/61 [killer bee (4)]
  7499 | D:8      | Reached *** piety under Yredelemnul
  8042 | D:9      | Reached skill level 5 in Invocations
  8042 | D:9      | Gained mutation: You have razor-sharp toenails. [demonic ancestry]
  8042 | D:9      | Reached XP level 10. HP: 67/67 MP: 13/13
  8049 | D:9      | Reached skill level 9 in Axes
  8487 | D:9      | Killed from afar by an electric eel

Vault maps used:
D:1:      dpeg_arrival_prison
D:2:      cheibriados_altar_1, old_standard_altar,
          chequers_ecumenical_altar_simple, minmay_tripent
D:3:      minmay_goblin_kobold_castle, first_ration, nemelex_altar_shiori
D:4:      gammafunk_temple_of_torment, zin_scriptorium,
          nicolae_dithmenos_shadow_blocks, kennysheep_mini_moat,
          dk_yredelemnul_ordeal
D:5:      lemuel_round_altar, marbit_many_paths, minmay_temple_entry_trees,
          serial_shops, shop, xom_teletrap_fun, uniq_eustachio
D:7:      serial_shops, shop
D:8:      eino_jars
D:9:      kennysheep_seaside_town, regret_index_temple_of_mockery, serial_shops,
          shop_statue, gammafunk_ghost_cemetery
Temple:   zaba_magenta_temple

Skill      XL: |  1  2  3  4  5  6  7  8  9 10 |
---------------+-------------------------------+-----
Axes           | 3 4 5 6 7 8 9 |  9.3
Throwing       | 2 |  2.0
Dodging        | 3 4 5 6 |  6.8
Shields        | 1 2 3 4 |  4.2
Armour         | 1 2 3 4 5 6 |  6.0
Invocations    | 1 5 |  5.7
Fighting       | |  2.0

Action                   |  1- 3 |  4- 6 |  7- 9 | 10-12 || total
-------------------------+-------+-------+-------+-------++-------
Melee: War axe           |   158 |   148 |   369 |    48 ||   723
       Kick              |       |    15 |    97 |    12 ||   124
       Unarmed           |       |       |       |    10 ||    10
Evoke: Wand              |       |       |     1 |     2 ||     3
  Use: Scroll            |       |     5 |     5 |       ||    10
       Potion            |       |       |     3 |       ||     3
 Stab: Distracted        |       |       |     1 |       ||     1
  Eat: Chunk             |     2 |     5 |     6 |     2 ||    15
       Ration            |       |       |     3 |       ||     3
Armor: Leather armour    |    22 |       |       |       ||    22
       Scale mail        |    77 |    54 |   147 |    16 ||   294
       Skin              |       |       |    22 |       ||    22
Dodge: Dodged            |   133 |    83 |   242 |    32 ||   490
Block: Buckler           |    29 |    39 |   123 |    12 ||   203

Table legend:
 A = Spawn XP
 B = Non-spawn XP
 C = Spawn XP percentage of total XP
 D = Spawn monster count
 E = Non-spawn monster count
 F = Spawn count percentage of total count
 G = Total turns spent on level
                    A         B        C        D         E        F      G
               +---------+---------+-------+---------+---------+-------+---------
         Total |       0 |    7031 |   0.0 |       0 |     255 |   0.0 |  8487
               +---------+---------+-------+---------+---------+-------+---------
           D:1 |       0 |      33 |   0.0 |       0 |      22 |   0.0 |   730
           D:2 |       0 |      38 |   0.0 |       0 |      17 |   0.0 |   535
           D:3 |       0 |     536 |   0.0 |       0 |      67 |   0.0 |  1674
           D:4 |       0 |     871 |   0.0 |       0 |      27 |   0.0 |  1079
           D:5 |       0 |    1287 |   0.0 |       0 |      35 |   0.0 |  1008
           D:6 |       0 |    1083 |   0.0 |       0 |      24 |   0.0 |  1091
           D:7 |       0 |     590 |   0.0 |       0 |      17 |   0.0 |   564
           D:8 |       0 |     539 |   0.0 |       0 |      12 |   0.0 |  1116
           D:9 |       0 |    2054 |   0.0 |       0 |      34 |   0.0 |   613
               +---------+---------+-------+---------+---------+-------+---------
